 Dungeon Crawl Stone Soup version 0.31-a0-182-gc5ef74bbde (webtiles) character file.

Game seed: 7018635466081969554

3036 qw the Cleaver (level 9, -11/56 HPs)
             Began as a Gargoyle Fighter on June 20, 2023.
             Was a Priest of Okawaru.
             Mangled by an ice devil (22 damage)
             ... on level 7 of the Dungeon.
             The game lasted 00:03:02 (6025 turns).

qw the Cleaver (Gargoyle Fighter)                   Turns: 6025, Time: 00:03:02

Health: -11/56     AC: 28    Str: 24    XL:     9   Next: 86%
Magic:  11/13      EV: 10    Int:  9    God:    Okawaru [***...]
Gold:   353        SH:  5    Dex:  9    Spells: 8/8 levels left

rFire   . . .        Y - +2 war axe
rCold   . . .        c - +0 buckler
rNeg    + . .        o - +0 chain mail
rPois   inf          n - +0 helmet
rElec   +            k - +0 cloak
rCorr   .            f - +1 pair of gloves
SInv    .            g - +0 pair of boots
Will    .....        l - amulet of regeneration Stlth
                     s - +4 ring of protection
HPRegen 1.09/turn    (no ring)
MPRegen 0.13/turn

%: no passive effects
@: heroic, slowed, very slow
A: sickness immunity, AC +6, negative energy resistance 1, electricity
resistance, torment resistance 1, petrification resistance
a: Renounce Religion, Heroism


You were on level 7 of the Dungeon.
You worshipped Okawaru.
Okawaru was most pleased with you.
You visited 1 branch of the dungeon, and saw 7 of its levels.

You collected 392 gold pieces.
You spent 39 gold pieces at shops.


Innate Abilities, Weirdness & Mutations

You are immune to sickness and miasma.
Your stone body is resilient. (AC +6)
You are immune to poison.
You resist negative energy. (rN+)
You are resistant to electric shocks. (rElec)
You are resistant to unholy torment.
You are immune to petrification.


   Skills:
 + Level 6.9(11.9) Fighting
 - Level 9.0(14.0) Axes
 - Level 2.3(7.3) Throwing
 - Level 5.0(10.0) Armour
 - Level 1.6(6.6) Dodging
 - Level 4.0(9.0) Shields
 - Level 5.4 Invocations


You had 8 spell levels left.
You didn't know any spells.
Your spell library was empty.

Inventory:

Hand Weapons
 v - a +2 morningstar
 Y - a +2 war axe (weapon)
Missiles
 b - 6 javelins
 m - 7 boomerangs (quivered)
Armour
 c - a +0 buckler (worn)
 f - a +1 pair of gloves (worn)
 g - a +0 pair of boots (worn)
 k - a +0 cloak (worn)
 n - a +0 helmet (worn)
 o - a +0 chain mail (worn)
Jewellery
 l - an amulet of regeneration (around neck)
 s - a +4 ring of protection (left hand)
Scrolls
 a - a scroll of identify
 e - 3 scrolls of teleportation
Potions
 d - a potion of might
 h - a potion of mutation
 i - a potion of lignification
 j - 2 potions of haste
 p - a potion of cancellation
 q - 3 potions of heal wounds
 r - a potion of enlightenment
 t - 2 potions of resistance
 u - a potion of brilliance

Dungeon Overview and Level Annotations

Branches:
Dungeon (7/15)             Temple (0/1) D:5

Altars:
Ashenzari
Cheibriados
Fedhas
Hepliaklqana
Kikubaaqudgha
Makhleb
Okawaru
Ru
Sif Muna
Xom
The Shining One

Shops:
D:3 *[:   D:7 [(

Annotations:
D:7 1 runed translucent door, Crazy Yiuf


Message History

The ice devil hits you but does no damage.
You closely miss the white imp.
The white imp is heavily wounded.
You slash the ice devil! x2
You hit the freezing wraith but do no damage.
The ice devil hits you. The ice devil freezes you!
The white imp gestures at you. The puff of frost hits you.
The ice devil completely misses you.
6023 ||| INVOKING Heroism.
You gain the combat prowess of a mighty hero.
You block the white imp's attack.
The freezing wraith hits you but does no damage.
The freezing wraith hits you.
The ice devil hits you but does no damage. x2
The ice devil closely misses you.
You hit the white imp but do no damage.
The white imp is heavily wounded.
You hit the ice devil.
You hit the freezing wraith but do no damage.
You hit the white imp. You hit the ice devil but do no damage.
You closely miss the ice devil.
The freezing wraith hits you but does no damage.
The freezing wraith hits you. The white imp closely misses you.
The white imp gestures at you.
The puff of frost hits you but does no damage.
The ice devil closely misses you.
You slash the white imp!
You kill the white imp!
Okawaru accepts your kill.
You hit the white imp but do no damage. You hit the ice devil.
You hit the freezing wraith but do no damage.
You closely miss the ice devil. You hit the white imp but do no damage.
You hit the ice devil.
The ice devil hits you but does no damage.
The ice devil hits you. The ice devil freezes you!
You block the freezing wraith's attack. The freezing wraith hits you.
The freezing wraith drains your vigour!
You feel yourself slow down.
The white imp hits you but does no damage.
The ice devil hits you. The ice devil freezes you!!
You die...

#########
##..........
##...>....##.
#.##.........
#######.#.....####.
#.......#.#.######.
#....###...## #...
####''''####.##
#.^.
###...555....###
#...
......4@4.......
#...
.....#W4#..../.?
#...
.##..W##~~#..##.
#### #..~ ##5..#
### #..# ~..# #.##
.... #... ##.#
..... 4.. ##. ###.
### #. #.## ##.


You could see 3 ice devils, 2 freezing wraiths and 3 white imps.

Vanquished Creatures
  A two-headed ogre (D:6)
  Joseph (D:7)
  An unseen horror (D:6)
  Menkaure (D:7)
  2 water moccasins (D:7)
  3 centaurs
  2 phantoms
  3 bullfrogs (D:7)
  2 scorpions (D:5)
  4 wights (D:6)
  A howler monkey (D:6)
  4 hounds
  A jelly (D:6)
  A gnoll bouda (D:5)
  2 sleepcaps
  Terence (D:3)
  An iguana (D:6)
  Robin (D:3)
  14 gnolls
  9 adders
  3 white imps (D:7)
  5 dart slugs
  6 orcs
  8 ball pythons
  7 endoplasms
  5 giant cockroaches
  16 goblins
  7 hobgoblins
  3 jackals (D:4)
  7 quokkas
  5 bats
  3 frilled lizards
  7 kobolds
  5 rats (D:2)
  A butterfly (D:5)
143 creatures vanquished.

Notes
Turn   | Place    | Note
-------+----------+-------------------------------------------
     0 | D:1      | qw the Gargoyle Fighter began the quest for the Orb.
     0 | D:1      | Reached XP level 1. HP: 14/14 MP: 1/1
     0 | D:1      | 0 ||| qw: Version: 0.3-a-9-g12657ce
     0 | D:1      | 0 ||| qw: Game counter: 1487
     0 | D:1      | 0 ||| qw: Always use a shield: true
     0 | D:1      | 0 ||| qw: God list: Okawaru
     0 | D:1      | 0 ||| qw: Allow faded altars: false
     0 | D:1      | 0 ||| qw: Do Orc after D:15 true
     0 | D:1      | 0 ||| qw: Do second Lair branch before Depths: true
     0 | D:1      | 0 ||| qw: Lair rune preference: random
     0 | D:1      | 0 ||| qw: Plans: Normal, Zot:1-4, Slime:5, God:TSO, Crypt,
                  | Tomb, Abyss, Pan, Hells, Win
     0 | D:1      | 0 ||| PLANNING D:1-11
     7 | D:1      | Noticed a minotaur skeleton
    41 | D:1      | Reached skill level 2 in Axes
    77 | D:1      | Found a faded altar of an unknown god.
    92 | D:1      | Reached XP level 2. HP: 19/19 MP: 2/2
   145 | D:1      | 145 ||| Stepping ~*~*~tactically~*~*~ (hiding).
   219 | D:1      | Reached skill level 3 in Axes
   227 | D:1      | Reached XP level 3. HP: 23/23 MP: 3/3
   738 | D:1      | 738 ||| UPGRADING to +0 cloak.
   743 | D:1      | 743 ||| UPGRADING to amulet of guardian spirit.
   748 | D:1      | 748 ||| UPGRADING to amulet of regeneration.
   758 | D:1      | 758 ||| DROPPING amulet of guardian spirit.
   759 | D:1      | 759 ||| READING 4 scrolls labelled ODU FIHEWOMO.
   760 | D:1      | 760 ||| READING scroll labelled WIPESK QITH.
   761 | D:1      | 761 ||| READING scroll labelled ULUOLEU BYEFF.
   762 | D:1      | 762 ||| READING scroll labelled UTOELESEKI.
   866 | D:2      | 866 ||| Stepping ~*~*~tactically~*~*~ (hiding).
   868 | D:2      | 868 ||| Stepping ~*~*~tactically~*~*~ (hiding).
   869 | D:2      | 869 ||| Stepping ~*~*~tactically~*~*~ (hiding).
   870 | D:2      | 870 ||| Stepping ~*~*~tactically~*~*~ (hiding).
   998 | D:2      | Reached XP level 4. HP: 28/28 MP: 4/4
  1027 | D:2      | 1027 ||| Stepping ~*~*~tactically~*~*~ (stealth).
  1028 | D:2      | 1028 ||| Stepping ~*~*~tactically~*~*~ (stealth).
  1029 | D:2      | 1029 ||| Stepping ~*~*~tactically~*~*~ (stealth).
  1030 | D:2      | 1030 ||| Stepping ~*~*~tactically~*~*~ (stealth).
  1078 | D:2      | Reached skill level 4 in Axes
  1305 | D:2      | 1305 ||| Stepping ~*~*~tactically~*~*~ (hiding).
  1321 | D:2      | 1321 ||| Stepping ~*~*~tactically~*~*~ (hiding).
  1322 | D:2      | Identified the +6 dagger "Vutip" {chaos, rElec Str-5
                  | Stlth+}
  1323 | D:2      | 1323 ||| Stepping ~*~*~tactically~*~*~ (hiding).
  1325 | D:2      | 1325 ||| Stepping ~*~*~tactically~*~*~ (hiding).
  1378 | D:2      | Reached XP level 5. HP: 32/32 MP: 5/5
  1493 | D:2      | 1493 ||| DROPPING +0 whip of venom.
  1515 | D:2      | 1515 ||| READING scroll of enchant weapon.
  1515 | D:2      | 1515 ||| ENCHANTING +1 war axe.
  1635 | D:2      | 1635 ||| UPGRADING to +0 pair of gloves.
  1640 | D:2      | 1640 ||| UPGRADING to +0 pair of boots.
  1645 | D:2      | 1645 ||| READING 3 scrolls labelled DOTTASM ZUNETUSO.
  1649 | D:2      | 1649 ||| READING scroll labelled BAC EQ FONNE.
  1650 | D:2      | 1650 ||| READING 2 scrolls labelled ICVEON SYQOSM.
  1651 | D:2      | 1651 ||| READING scroll labelled MON KEEXKE.
  1652 | D:2      | 1652 ||| READING 2 scrolls labelled JIATUT ROFAO.
  1753 | D:2      | 1753 ||| READING scroll labelled SITILESHOS.
  1754 | D:2      | 1754 ||| DROPPING scroll of fog.
  1755 | D:2      | 1755 ||| DROPPING scroll of silence.
  1858 | D:3      | 1858 ||| Stepping ~*~*~tactically~*~*~ (hiding).
  2052 | D:3      | Noticed Robin
  2060 | D:3      | Reached skill level 5 in Axes
  2064 | D:3      | Killed Robin
  2100 | D:3      | Found Latotem's Antique Armour Shoppe.
  2114 | D:3      | 2114 ||| SHOPLISTING heavily runed helmet (180 gold, have
                  | 106).
  2114 | D:3      | 2114 ||| SHOPLISTING runed scale mail (133 gold, have 106).
  2179 | D:3      | Found Xycry Own's Book Shoppe.
  2237 | D:3      | Found Ywkank's General Store.
  2249 | D:3      | 2249 ||| SHOPLISTING +7 morningstar of Miykabil {antimagic,
                  | rCorr} (774 gold, have 119).
  2249 | D:3      | 2249 ||| SHOPLISTING potion of haste (130 gold, have 119).
  2249 | D:3      | 2249 ||| SHOPLISTING ring "Ijyc" {rCorr AC+4} (631 gold,
                  | have 119).
  2249 | D:3      | 2249 ||| BUYING scroll of teleportation (39 gold).
  2249 | D:3      | Bought a scroll of teleportation for 39 gold pieces
  2446 | D:3      | Noticed Terence
  2457 | D:3      | Killed Terence
  2731 | D:3      | Found a blossoming altar of Fedhas.
  2731 | D:3      | Found a burning altar of Makhleb.
  2739 | D:3      | Found a shimmering altar of Xom.
  2741 | D:3      | Found a shimmering blue altar of Sif Muna.
  2743 | D:3      | Found an iron altar of Okawaru.
  2744 | D:3      | 2744 ||| PLANNING OKAWARU WORSHIP
  2744 | D:3      | 2744 ||| UPGRADING to +0 helmet.
  2749 | D:3      | 2749 ||| UPGRADING to +0 chain mail.
  2759 | D:3      | 2759 ||| DROPPING +0 scale mail.
  2760 | D:3      | 2760 ||| READING 5 scrolls of identify.
  2760 | D:3      | 2760 ||| IDENTIFYING pink potion
  2761 | D:3      | 2761 ||| READING 4 scrolls of identify.
  2761 | D:3      | 2761 ||| IDENTIFYING fizzy purple potion
  2762 | D:3      | 2762 ||| READING 3 scrolls of identify.
  2762 | D:3      | 2762 ||| IDENTIFYING bubbling cyan potion
  2763 | D:3      | 2763 ||| READING 2 scrolls of identify.
  2763 | D:3      | 2763 ||| IDENTIFYING green potion
  2767 | D:3      | Became a worshipper of Warmaster Okawaru
  2768 | D:3      | 2768 ||| PLANNING D:1-11
  2884 | D:4      | 2884 ||| FLEEEEING.
  2886 | D:4      | 2886 ||| Stepping ~*~*~tactically~*~*~ (hiding).
  2911 | D:4      | Reached XP level 6. HP: 38/38 MP: 6/6
  2944 | D:4      | Found a sacrificial altar of Ru.
  3073 | D:4      | Found a snail-covered altar of Cheibriados.
  3074 | D:4      | 3074 ||| DROPPING +6 ring of intelligence.
  3075 | D:4      | 3075 ||| UPGRADING to +4 ring of protection.
  3084 | D:4      | Reached skill level 1 in Throwing
  3157 | D:4      | Found an ancient bone altar of Kikubaaqudgha.
  3254 | D:4      | Found a broken altar of Ashenzari.
  3484 | D:4      | 3484 ||| READING scroll labelled UNIAMM BOCK.
  3485 | D:4      | 3485 ||| READING 2 scrolls of identify.
  3485 | D:4      | 3485 ||| IDENTIFYING emerald potion
  3503 | D:5      | Entered Level 5 of the Dungeon
  3505 | D:5      | 3505 ||| STAIRDANCE
  3591 | D:5      | Found a staircase to the Ecumenical Temple.
  3684 | D:5      | 3684 ||| Stepping ~*~*~tactically~*~*~ (stealth).
  3686 | D:5      | 3686 ||| Stepping ~*~*~tactically~*~*~ (hiding).
  3742 | D:5      | Reached skill level 6 in Axes
  3746 | D:5      | Reached skill level 1 in Dodging
  3746 | D:5      | Reached XP level 7. HP: 39/43 MP: 7/7
  3750 | D:5      | 3750 ||| DROPPING +0 mace.
  3907 | D:5      | Reached * piety under Okawaru
  4087 | D:5      | 4087 ||| Stepping ~*~*~tactically~*~*~ (hiding).
  4099 | D:5      | Reached skill level 1 in Invocations
  4287 | D:5      | 4287 ||| INVOKING Heroism.
  4333 | D:5      | 4333 ||| READING scroll labelled FUERUOCWISMU.
  4334 | D:5      | 4334 ||| READING scroll labelled DOSESK JUBBUNI.
  4335 | D:5      | 4335 ||| READING 2 scrolls of identify.
  4335 | D:5      | 4335 ||| IDENTIFYING brown potion
  4336 | D:5      | 4336 ||| DROPPING potion of degeneration.
  4433 | D:6      | Found a glowing golden altar of the Shining One.
  4437 | D:6      | Reached skill level 3 in Invocations
  4437 | D:6      | Reached XP level 8. HP: 48/48 MP: 10/10
  4465 | D:6      | 4465 ||| READING scroll of enchant armour.
  4465 | D:6      | 4465 ||| ENCHANTING +0 pair of gloves.
  4803 | D:6      | Noticed a two-headed ogre
  4804 | D:6      | 4804 ||| INVOKING Heroism.
  4810 | D:6      | Killed a two-headed ogre
  4810 | D:6      | Reached ** piety under Okawaru
  4811 | D:6      | Reached skill level 7 in Axes
  4954 | D:6      | 4954 ||| INVOKING Heroism.
  5101 | D:6      | 5101 ||| Stepping ~*~*~tactically~*~*~ (stealth).
  5103 | D:6      | 5103 ||| Stepping ~*~*~tactically~*~*~ (hiding).
  5104 | D:6      | 5104 ||| Stepping ~*~*~tactically~*~*~ (hiding).
  5126 | D:6      | Reached XP level 9. HP: 50/54 MP: 13/13
  5215 | D:6      | Reached skill level 8 in Axes
  5253 | D:6      | HP: 13/54 [something (5)]
  5258 | D:6      | Killed an unseen horror
  5258 | D:6      | Reached *** piety under Okawaru
  5259 | D:6      | Reached skill level 6 in Fighting
  5360 | D:6      | 5360 ||| READING 4 scrolls of identify.
  5360 | D:6      | 5360 ||| IDENTIFYING grey potion
  5361 | D:6      | 5361 ||| READING 3 scrolls of identify.
  5361 | D:6      | 5361 ||| IDENTIFYING metallic inky potion
  5362 | D:6      | 5362 ||| READING 2 scrolls of identify.
  5362 | D:6      | 5362 ||| IDENTIFYING sedimented blue potion
  5363 | D:6      | 5363 ||| DROPPING potion of ambrosia.
  5389 | D:6      | 5389 ||| DROPPING +0 flail.
  5523 | D:7      | Noticed Menkaure
  5524 | D:7      | 5524 ||| FLEEEEING.
  5529 | D:7      | 5529 ||| FLEEEEING.
  5533 | D:7      | 5533 ||| Stepping ~*~*~tactically~*~*~ (hiding).
  5538 | D:7      | 5538 ||| INVOKING Heroism.
  5543 | D:7      | Killed Menkaure
  5575 | D:7      | Found a runed translucent door.
  5576 | D:7      | Noticed Crazy Yiuf
  5621 | D:7      | Noticed Joseph
  5622 | D:7      | 5622 ||| Stepping ~*~*~tactically~*~*~ (hiding).
  5626 | D:7      | 5626 ||| Stepping ~*~*~tactically~*~*~ (hiding).
  5638 | D:7      | 5638 ||| INVOKING Heroism.
  5642 | D:7      | Killed Joseph
  5676 | D:7      | Found Gidai's Antique Weapon Emporium.
  5690 | D:7      | Reached skill level 9 in Axes
  5690 | D:7      | 5690 ||| READING 2 scrolls of identify.
  5690 | D:7      | 5690 ||| IDENTIFYING fuming amethyst potion
  5811 | D:7      | Found a hazy altar of Hepliaklqana.
  5847 | D:7      | Found Ypny's Antique Armour Shoppe.
  5853 | D:7      | 5853 ||| SHOPLISTING plate armour (736 gold, have 322).
  5929 | D:7      | 5929 ||| Stepping ~*~*~tactically~*~*~ (stealth).
  5933 | D:7      | 5933 ||| Stepping ~*~*~tactically~*~*~ (stealth).
  5934 | D:7      | 5934 ||| Stepping ~*~*~tactically~*~*~ (stealth).
  6012 | D:7      | Noticed an ice devil
  6012 | D:7      | Noticed an ice devil
  6014 | D:7      | Noticed an ice devil
  6015 | D:7      | Noticed a freezing wraith
  6015 | D:7      | Noticed a freezing wraith
  6023 | D:7      | 6023 ||| INVOKING Heroism.
  6025 | D:7      | HP: 13/56 [freezing wraith (5)]
  6025 | D:7      | Mangled by an ice devil

Levels and vault maps discovered:
D:1:      shiori_arrival_whats_in_store_for_you, layout_basic,
          hellmonk_ecumenical_altar_blasted
D:2:      minmay_inner_zag, layout_basic
D:3:      layout_basic, chequers_temple_overflow_minitemple, serial_shops, shop,
          shop, nicolae_shop_competitors_out_of_business,
          amcnicky_mini_corridor_feature, uniq_robin, uniq_terence
D:4:      layout_loops_ring, mainiacjoe_overflow_alcove_2,
          nicolae_ru_the_path_less_chosen, mainiacjoe_overflow_cross_hatched,
          mainiacjoe_overflow_boulevard
D:5:      layout_basic, minmay_temple_entry_butterflies
D:6:      minmay_cornered_nines, layout_basic, mainiacjoe_overflow_tiny_flanked
D:7:      layout_loops_cross, mainiacjoe_overflow_concentric_impassable,
          serial_shops, shop, shop, nicolae_shop_rolling_square,
          hellmonk_guarded_unrand_frostbite, uniq_menkaure, uniq_joseph,
          uniq_crazy_yiuf_cottage

Skill      XL: |  1  2  3  4  5  6  7  8  9 |
---------------+----------------------------+-----
Axes           | 2 3 4 5 6 7 9 |  9.0
Fighting       | 4 5 6 |  6.9
Throwing       | 1 2 |  2.3
Dodging        | 1 |  1.6
Armour         | 4 5 |  5.0
Invocations    | 3 5 |  5.4
Shields        | 4 |  4.0

Action                     |  1- 3 |  4- 6 |  7- 9 || total
---------------------------+-------+-------+-------++-------
  Melee: War axe           |    79 |   167 |   174 ||   420
  Throw: Boomerang         |       |    47 |     3 ||    50
         Javelin           |       |    16 |    61 ||    77
 Invoke: Heroism           |       |       |     6 ||     6
    Use: Scroll            |     4 |    13 |     8 ||    25
 Armour: Scale mail        |    39 |    69 |       ||   108
         Chain mail        |       |    40 |   161 ||   201
  Dodge: Dodged            |    33 |    73 |    66 ||   172
  Block: Buckler           |    13 |    33 |    41 ||    87

Table legend:
 A = Non-vault XP
 B = Vault XP
 C = Vault XP percentage of total XP
 D = Non-vault monster count
 E = Vault monster count
 F = Vault count percentage of total count
                 A         B        C        D         E       F
            +---------+---------+-------+---------+---------+-------
      Total |    3091 |    1258 |  28.9 |     115 |      27 |  19.0
            +---------+---------+-------+---------+---------+-------
        D:1 |      58 |       0 |   0.0 |      30 |       0 |   0.0
        D:2 |     130 |      22 |  14.5 |      21 |       7 |  25.0
        D:3 |      30 |      69 |  69.7 |      14 |      12 |  46.2
        D:4 |      74 |       0 |   0.0 |      11 |       0 |   0.0
        D:5 |     707 |       0 |   0.0 |      16 |       0 |   0.0
        D:6 |    1519 |     561 |  27.0 |      16 |       3 |  15.8
        D:7 |     573 |     606 |  51.4 |       7 |       5 |  41.7
            +---------+---------+-------+---------+---------+-------
